 Dungeon Crawl Stone Soup version 0.30-a0-29-g142975f185 (webtiles) character file.

Game seed: 2250941643296522441

5 ytrimaz the Insei (level 1, 15/15 HPs)
             Began as a Demonspawn Transmuter on Aug 26, 2022.
             Quit the game on level 1 of the Dungeon.
             The game lasted 00:00:12 (301 turns).

ytrimaz the Insei (Demonspawn Transmuter)            Turns: 301, Time: 00:00:12

Health: 15/15      AC:  3    Str: 10    XL:     1   Next: 66%
Magic:  3/3        EV: 12    Int: 14    God:
Gold:   22         SH:  0    Dex: 13    Spells: 3/4 levels left

rFire   . . .      SeeInvis .      - Unarmed
rCold   . . .      Faith    .    (no shield)
rNeg    . . .      Spirit   .    a - +0 robe
rPois   .          Reflect  .    c - +0 helmet
rElec   .          Harm     .    (no cloak)
rCorr   .          Rampage  .    (no gloves)
Will    .....                    (no boots)
Stlth   +.........               (no amulet)
HPRegen 0.05/turn                (no ring)
MPRegen 0.08/turn                (no ring)

@: no status effects
A: no striking features
a: no special abilities


You were on level 1 of the Dungeon.
You visited 1 branch of the dungeon, and saw 1 of its levels.

You collected 22 gold pieces.

Inventory:

Armour
 a - a +0 robe (worn)
 c - a +0 helmet (worn)
Jewellery
 d - a +6 ring of dexterity
Potions
 b - a potion of lignification


   Skills:
 + Level 1.0 Fighting
 + Level 1.9 Dodging
 + Level 2.9 Unarmed Combat
 + Level 2.0 Spellcasting
 + Level 1.8 Transmutations


You had 3 spell levels left.
You knew the following spells:

 Your Spells              Type           Power      Damage    Failure   Level
a - Beastly Appendage     Tmut           12%        N/A       12%         1

Your spell library contained the following spells:

 Spells                   Type           Power      Damage    Failure   Level
 Wereblood                Tmut           6%         N/A       17%         2
 Spider Form              Tmut/Pois      3%         N/A       43%         3
 Ice Form                 Ice/Tmut       3%         N/A       85%         4


Dungeon Overview and Level Annotations

Branches:
Dungeon (1/15)

Altars:


Message History

You grow a pair of large bovine horns.
Your feet morph into talons.
Your +0 helmet melds into your body.
The giant cockroach closely misses you. The kobold hits you with a +0 dagger.
You hit the giant cockroach but do no damage.
The giant cockroach is almost dead.
The giant cockroach bites you but does no damage.
The kobold closely misses you.
Unknown command.
You closely miss the giant cockroach. Your kick misses the giant cockroach.
You headbutt the giant cockroach, but do no damage.
The giant cockroach is almost dead.
The giant cockroach closely misses you. The kobold hits you but does no damage.
You hit the giant cockroach.
You kill the giant cockroach!
The kobold misses you.
You barely miss the kobold. Your headbutt misses the kobold.
Your transformation is almost over.
The kobold closely misses you.
You miss the kobold. Your kick misses the kobold.
The kobold hits you with a +0 dagger.
You hit the kobold but do no damage. The kobold misses you.
Unknown command.
You hit the kobold.
You kill the kobold!
Unknown command.
Things that are here:
a +0 dagger; a kobold corpse No target in view!
Unknown command.
Your horns disappear.
Your talons disappear.
Your +0 helmet unmelds from your body.
Things that are here:
a +0 dagger; a kobold corpse You now have 22 gold pieces (gained 13).
Key pressed, stopping explore.
A hobgoblin comes into view.
The hobgoblin shouts!
A hobgoblin is nearby!
A hobgoblin is nearby!
Are you sure you want to abandon this character and quit the game? (Confirm with "yes".)

### ##.####### ....g....
#........ ###
#####@####### ...
##...(.......# ..
........#####.# #
#.#.###.# #.# #
#....##.### #.# #. #
#.........###.###.###.#.
.......................#
#.........###.###.......
#.......†...............


You could see a hobgoblin.

Vanquished Creatures
  A giant cockroach (D:1)
  A goblin (D:1)
  A kobold (D:1)
  2 frilled lizards (D:1)
5 creatures vanquished.

Notes
Turn   | Place    | Note
-------+----------+-------------------------------------------
     0 | D:1      | ytrimaz the Demonspawn Transmuter began the quest for the
                  | Orb.
     0 | D:1      | Reached XP level 1. HP: 15/15 MP: 3/3
   301 | D:1      | Quit the game

Illustrated notes

Levels and vault maps discovered:
D:1:      minmay_arrival_checkered_box, layout_loops_ring,
          minmay_misc_feat_doors, nicolae_wormholes

Action                   || total
-------------------------++-------
Melee: Unarmed           ||    22
       Headbutt          ||     1
 Cast: Beastly Appendage ||     3
Armor: Robe              ||    12
Dodge: Dodged            ||    19

Table legend: (Time is in decaauts)
 A = Elapsed time spent in this place.
 B = Non-inter-level travel time spent in this place.
 C = Inter-level travel time spent in this place.
 D = Time resting spent in this place.
 E = Time spent auto-exploring this place.
 F = Levels seen in this place.
 G = Mean time per level.
                   A        B        C        D        E       F      G
               +--------+--------+--------+--------+--------+-----+--------+
         Total |    300 |    300 |      0 |      0 |    243 |   1 |  300.0 |
       Dungeon |    300 |    300 |      0 |      0 |    243 |   1 |  300.0 |
               +--------+--------+--------+--------+--------+-----+--------+

Top non-repeatable levels by time:
     D:1: 300 daAuts
